 Dungeon Crawl Stone Soup version 0.24.0-13-gcf9b319 (webtiles) character file.

Game seed: 752325011631074600, levelgen mode: deterministic

109862 Gingerlord the Protected (level 16, -8/107 HPs)
             Began as a Gargoyle Fighter on Apr 12, 2020.
             Was the Champion of the Shining One.
             Mangled by Saint Roka
             ... wielding a +0 dire flail
              (9 damage)
             ... on level 1 of the Orcish Mines.
             The game lasted 01:18:28 (23102 turns).

Gingerlord the Protected (Gargoyle Fighter)        Turns: 23102, Time: 01:18:29

Health: -8/107     AC: 47    Str: 28    XL:     16   Next: 53%
Magic:  21/24      EV:  9    Int:  9    God:    the Shining One [******]
Gold:   1676       SH:  2    Dex: 14    Spells: 15/15 levels left

rFire    . . .     SeeInvis .   E - +0 battleaxe (flame)
rCold    . . .     Gourm    .   (shield currently unavailable)
rNeg     + + +     Faith    .   C - +10 chain mail "Weudaamp" {Stlth+}
rPois    ∞         Spirit   .   P - +2 hat
rElec    +         Reflect  +   u - +0 cloak
rCorr    .         Harm     .   e - +0 pair of gloves (curse)
MR       +....                  I - +0 pair of boots
Stlth    ..........             t - +2 amulet of reflection
HPRegen  0.00/turn              J - +6 ring of strength
MPRegen  0.19/turn              S - +5 ring of protection

@: glowing
A: big wings, negative energy resistance 1, electricity resistance, inhibited
regeneration, unbreathing, petrification resistance, rot immunity, AC +12
a: Fly, Divine Shield, Cleansing Flame, Summon Divine Warrior, Brand Weapon With
Holy Wrath, Renounce Religion


You were on level 1 of the Orcish Mines.
You worshipped the Shining One.
The Shining One was exalted by your worship.
You were not hungry.

You visited 4 branches of the dungeon, and saw 24 of its levels.

You collected 1943 gold pieces.
You spent 267 gold pieces at shops.

Inventory:

Hand Weapons
 E - a +0 battleaxe of flaming (weapon)
 M - a +2 war axe of venom
Armour
 e - a cursed +0 pair of gloves (worn)
 u - a +0 cloak (worn)
 C - the +10 chain mail "Weudaamp" (worn) {Stlth+}
   (You found it on level 1 of the Orcish Mines)

   It makes you more stealthy.
 I - a +0 pair of boots (worn)
 P - a +2 hat (worn)
Jewellery
 t - a +2 amulet of reflection (around neck)
 w - the ring "Hoijew" {rC+ Str+3 SInv}
   (You found it on level 6 of the Lair of Beasts)

   [ring of see invisible]

   It affects your strength (+3).
   It protects you from cold.
   It lets you see invisible.
 y - an uncursed ring of see invisible
 J - a +6 ring of strength (left hand)
 S - a +5 ring of protection (right hand)
Wands
 j - a wand of flame (19)
 k - a wand of acid (34)
 A - a wand of digging (7)
 H - a wand of iceblast (10)
 L - a wand of disintegration (38)
Scrolls
 b - 4 scrolls of teleportation
 h - 3 scrolls of identify
 l - 5 scrolls of enchant weapon
 o - 2 scrolls of acquirement {unknown}
 p - a scroll of amnesia
 q - 4 scrolls of immolation
 r - 2 scrolls of fog
 v - 5 scrolls of enchant armour
 x - 8 scrolls of remove curse
 B - 7 scrolls of magic mapping
 D - 3 scrolls of noise {unknown}
 F - a scroll of brand weapon
 K - a scroll of silence {unknown}
 N - 2 scrolls of holy word
Potions
 a - 4 potions of cancellation
 d - 2 potions of might (quivered)
 i - 5 potions of agility
 n - 5 potions of lignification
 s - 4 potions of brilliance
 z - a potion of magic
 O - 3 potions of degeneration {unknown}
 R - a potion of resistance {unknown}
Comestibles
 f - 37 rations


   Skills:
 + Level 14.7 Fighting
 + Level 12.8 Axes
 + Level 14.9 Armour
 - Level 0.5 Dodging
   Level 14.6 Shields
 + Level 11.6 Invocations


You had 15 spell levels left.
You didn't know any spells.
Your spell library contained the following spells:

 Spells                   Type           Power        Failure   Level  Hunger
 Confusing Touch          Hex            #.....       80%         1    ##.....
 Corona                   Hex            #......      80%         1    ##.....
 Flame Tongue             Conj/Fire      #....        80%         1    ##.....
 Freeze                   Ice            #...         80%         1    ##.....
 Magic Dart               Conj           #...         80%         1    ##.....
 Sandblast                Erth           #.....       80%         1    ##.....
 Summon Butterflies       Summ           #.......     80%         1    ##.....
 Blink                    Tloc           N/A          91%         2    ###....
 Call Imp                 Summ           #.......     91%         2    ###....
 Ensorcelled Hibernation  Hex/Ice        #.....       91%         2    ###....
 Passwall                 Tmut/Erth      #.......     91%         2    ###....
 Slow                     Hex            #.......     91%         2    ###....
 Throw Flame              Conj/Fire      #.....       91%         2    ###....
 Throw Frost              Conj/Ice       #.....       91%         2    ###....
 Call Canine Familiar     Summ           #.......     99%         3    ####...
 Confuse                  Hex            #.......     99%         3    ####...
 Conjure Flame            Conj/Fire      #.......     99%         3    ####...
 Dazzling Spray           Conj/Hex       #.....       99%         3    ####...
 Gell's Gravitas          Tloc           #.........   99%         3    ####...
 Inner Flame              Hex/Fire       #.......     99%         3    ####...
 Mephitic Cloud           Conj/Pois/Air  #.......     99%         3    ####...
 Ozocubu's Armour         Chrm/Ice       #.......     99%         3    ####...
 Stone Arrow              Conj/Erth      #.....       99%         3    ####...
 Tukima's Dance           Hex            #.......     99%         3    ####...
 Petrify                  Tmut/Erth      #.......     100%        4    #####..
 Sticky Flame             Conj/Fire      #.......     100%        4    #####..
 Summon Ice Beast         Ice/Summ       #.......     100%        4    #####..
 Throw Icicle             Conj/Ice       #.......     100%        4    #####..
 Fireball                 Conj/Fire      #.........   100%        5    ######.
 Lee's Rapid Deconstruct  Erth           #.........   100%        5    ######.
 Metabolic Englaciation   Hex/Ice        #.........   100%        5    ######.
 Summon Mana Viper        Hex/Summ       #.......     100%        5    ######.
 Yara's Violent Unravell  Hex/Tmut       #.........   100%        5    ######.
 Summon Hydra             Summ           #.........   100%        7    #######


Dungeon Overview and Level Annotations

Branches:
Dungeon (15/15)            Temple (1/1) D:6            Lair (6/6) D:8
 Shoals (0/4) Lair:3       Spider (0/4) Lair:3        Slime (0/5) Lair:5
    Orc (2/2) D:9             Elf (0/3) Orc:2        Vaults (0/5) D:13
 Depths: D:15

Altars:
Ashenzari
Cheibriados
Dithmenos
Elyvilon
Fedhas
Gozag
Hepliaklqana
Kikubaaqudgha
Makhleb
Nemelex Xobeh
Okawaru
Qazlal
Ru
Sif Muna
Uskayaw
Vehumet
Wu Jian
Xom
Yredelemnul
Zin
The Shining One
Beogh
Jiyva

Shops:
D:5 [(=?%   D:7 *

Portals:
Trove: D:13 (give +2 storm dragon scales)

Annotations:
D:8 3 runed translucent doors, Bionic's ghost, novice OpGl
Lair:1 exclusion: 2 oklob plants
Orc:1 Saint Roka


Innate Abilities, Weirdness & Mutations

You are resistant to torment.
Your stone body is resilient. (AC +12)
You are immune to poison.
Your large and strong wings let you fly indefinitely.
You resist negative energy. (rN+)
You are resistant to electric shocks. (rElec)
You can survive without breathing.
You are immune to petrification.
You are immune to rotting.
You do not regenerate when monsters are visible.


Message History

Unknown command.
Okay, then.
You cannot teleport because you are held in place by your roots.
Unknown command.
Unknown command.
You hit Saint Roka but do no damage.
Saint Roka is moderately wounded.
Saint Roka mumbles some strange prayers to Beogh against you.
Beogh smites you!
* * * LOW HITPOINT WARNING * * *
Unknown command.
Your magical effects are unravelling.
You feel magically purged.
You feel less wooden.
Your +0 cloak unmelds from your body.
Your +2 hat unmelds from your body.
Your cursed +0 pair of gloves unmelds from your body.
Your +0 pair of boots unmelds from your body.
The +10 chain mail "Weudaamp" {Stlth+} unmelds from your body.
Saint Roka hits you with a +0 dire flail!
You die...

####### ####### #######
##.##..####..#..###..##.##
#.......##...............#
##.......##...........##..##
##..........................##
##............................#
#.............................#
##...........[$[......#......##
##.........#[@)...>........##
##.........)o)...........###
##........................##
###.......................#
##................#.##.##
#...................#...
##.#.........#..........
##......................#
#......................##


You could see Saint Roka.

Vanquished Creatures
  Rupert (D:14)
  Frances (D:14)
  Gastronok (D:9)
  2 orc warlords (D:9)
  Azrael (Orc:1)
  A dire elephant (Lair:3)
  The ghost of skyle12 the Severer, a journeyman HOFi of Okawaru (D:12)
  An ettin (Orc:1)
  Josephine (D:14)
  A fire dragon (D:13)
  5 hydras
  2 centaur warriors
  A catoblepas (Lair:3)
  An ice dragon (Lair:6)
  A death knight (D:12)
  Erica (D:8)
  A queen ant (D:10)
  8 two-headed ogres
  6 death yaks (Lair:4)
  An orc high priest (D:9)
  2 tengu warriors (D:13)
  Urug (Orc:1)
  An unseen horror (D:13)
  A deep elf archer (Orc:1)
  Pikel (D:7)
  2 orc knights
  A necromancer (Lair:4)
  An orb spider (Lair:3)
  A wolf spider zombie (D:14)
  5 orc sorcerers
  A manticore (D:11)
  4 cyclopes
  19 ugly things
  15 elephants
  A torpor snail (Lair:6)
  4 black mambas
  3 gargoyles (D:14)
  23 spiny frogs
  An efreet (D:14)
  8 komodo dragons
  3 yaktaurs (D:14)
  A kobold demonologist (D:13)
  A rime drake (Lair:2)
  A yaktaur (shapeshifter) (D:13)
  A freezing wraith (D:14)
  2 tengu conjurers (D:13)
  6 trolls
  A polar bear (Lair:4)
  A queen bee (Lair:2)
  5 tyrant leeches (Lair:6)
  Grinder (D:5)
  2 hornets
  28 blink frogs
  Prince Ribbit (D:9)
  2 slime creatures (D:13)
  11 hippogriffs
  4 dream sheep (Lair:6)
  5 wraiths
  2 spriggans (D:12)
  3 shadows
  4 wyverns
  2 vampires
  A hog (D:14)
  23 yaks
  A fire elemental (Orc:2)
  3 basilisks
  Grum (D:8)
  17 vampire mosquitoes
  Menkaure (D:7)
  5 wargs
  20 soldier ants (D:10)
  15 water moccasins
  8 porcupines
  Duvessa (D:6)
  4 hell hounds (Orc:2)
  A slave (D:7)
  36 orc warriors
  5 ice beasts
  5 black bears
  A hornet zombie (D:8)
  An eye of draining (D:10)
  3 phantoms
  7 sky beasts
  A boggart (D:12)
  8 wolves
  14 ogres
  11 centaurs
  12 crocodiles
  10 big kobolds
  24 bullfrogs
  Dowan (D:6)
  A wyvern skeleton (D:12)
  3 scorpions
  29 killer bees
  2 electric eels
  4 wights (D:12)
  6 howler monkeys
  2 centaur zombies
  9 crimson imps
  3 bullfrog zombies
  6 hounds
  2 jellies
  5 centaur skeletons
  22 orc wizards
  A quasit (D:10)
  29 orc priests
  A bullfrog skeleton (D:6)
  Crazy Yiuf (D:5)
  2 iguanas
  37 worker ants
  3 wolf simulacra (Lair:4)
  3 yak simulacra (Lair:4)
  A worker ant zombie (D:7)
  2 howler monkey skeletons
  17 adders
  8 shadow imps
  3 white imps (Lair:6)
  A worm (D:5)
  A dart slug (D:4)
  6 leopard geckos
  76 orcs
  5 bats
  11 giant cockroaches
  5 hobgoblins
  5 quokkas
  3 ball pythons
  2 frilled lizards
  4 goblins
  A jackal zombie (D:6)
  20 kobolds
  2 quokka zombies
  6 rats
  5 river rat simulacra (Lair:4)
  8 fungi
  8 plants
831 creatures vanquished.

Vanquished Creatures (collateral kills)
  Kirke (D:14)
1 creature vanquished.

Vanquished Creatures (others)
  Sonja (Lair:2)
  2 humans (D:14)
  An orc warrior (Orc:2)
  3 centaurs
  A howler monkey (D:14)
  2 orc priests (Orc:2)
  7 orcs
  5 bushes (Lair:6)
  11 fungi
  68 plants
  9 toadstools (Lair:3)
110 creatures vanquished.

Grand Total: 942 creatures vanquished

Notes
Turn   | Place    | Note
-------+----------+-------------------------------------------
     0 | D:1      | Gingerlord the Gargoyle Fighter began the quest for the
                  | Orb.
     0 | D:1      | Reached XP level 1. HP: 14/14 MP: 1/1
   163 | D:1      | Reached XP level 2. HP: 18/19 MP: 2/2
   671 | D:2      | Reached XP level 3. HP: 23/23 MP: 3/3
  1212 | D:2      | Reached XP level 4. HP: 24/28 MP: 4/4
  1565 | D:3      | You fall into a shaft and drop 3 floors!
  1652 | D:6      | Noticed an air elemental
  1654 | D:6      | Found a stormy altar of Qazlal.
  1655 | D:6      | Noticed an earth elemental
  1655 | D:6      | Noticed a fire elemental
  1655 | D:6      | Noticed a water elemental
  1668 | D:6      | Noticed Dowan
  1669 | D:6      | Noticed Duvessa
  1670 | D:6      | Noticed a sky beast
  1693 | D:6      | Killed Duvessa
  1693 | D:6      | Reached XP level 5. HP: 24/33 MP: 5/5
  1702 | D:6      | Killed a sky beast
  1702 | D:6      | Reached XP level 6. HP: 23/38 MP: 6/6
  1709 | D:6      | Killed Dowan
  1948 | D:6      | Found a staircase to the Ecumenical Temple.
  2001 | Temple   | Entered the Ecumenical Temple
  2156 | Temple   | Became a worshipper of the Shining One
  2234 | D:5      | Entered Level 5 of the Dungeon
  2240 | D:4      | Noticed a sky beast
  2292 | D:4      | Killed a sky beast
  2292 | D:4      | Reached skill level 5 in Armour
  2292 | D:4      | Reached skill level 5 in Shields
  2292 | D:4      | Reached XP level 7. HP: 18/44 MP: 7/7
  2890 | D:4      | Found a sacrificial altar of Ru.
  3345 | D:4      | Reached skill level 5 in Fighting
  3570 | D:5      | Reached XP level 8. HP: 46/49 MP: 8/8
  3652 | D:5      | Found Fit Ocax's Food Shop.
  3691 | D:5      | Reached * piety under the Shining One
  3702 | D:5      | Found Ystriacs's Magic Scroll Boutique.
  3710 | D:5      | Bought a scroll of teleportation for 42 gold pieces
  3710 | D:5      | Bought a scroll of teleportation for 42 gold pieces
  3710 | D:5      | Bought a scroll of identify for 28 gold pieces
  3735 | D:5      | Found Bomicy's Jewellery Shop.
  3785 | D:5      | Reached skill level 5 in Axes
  3988 | D:5      | Noticed Grinder
  3996 | D:5      | Paralysed by Grinder for 6 turns
  4010 | D:5      | Killed Grinder
  4030 | D:5      | Found a snail-covered altar of Cheibriados.
  4068 | D:5      | Found Ukiapeu's Weapon Shoppe.
  4129 | D:5      | Found Ruggairph's Antique Armour Shoppe.
  4153 | D:5      | Found a runed translucent door.
  4154 | D:5      | Noticed Crazy Yiuf
  4235 | D:5      | Killed Crazy Yiuf
  4829 | D:7      | Reached XP level 9. HP: 49/56 MP: 9/9
  4852 | D:7      | Noticed Menkaure
  4862 | D:7      | Killed Menkaure
  4931 | D:7      | Reached ** piety under the Shining One
  5035 | D:7      | Noticed Pikel
  5061 | D:7      | Killed Pikel
  5063 | D:7      | Found Pavuhaddu's Assorted Antiques.
  5080 | D:7      | Bought a clouded steel ring for 155 gold pieces
  5080 | D:7      | Identified the ring "Hixinuwu" {+Blink rF- Int+5 Dex+2}
                  | (You bought it in a shop on level 7 of the Dungeon)
  5081 | D:7      | Found an iron altar of Okawaru.
  5083 | D:7      | Found a white marble altar of Elyvilon.
  5656 | D:8      | Noticed a hornet
  5708 | D:8      | Killed a hornet
  6065 | D:8      | Reached XP level 10. HP: 52/64 MP: 10/10
  6207 | D:8      | Noticed Erica
  6232 | D:8      | Killed Erica
  6237 | D:8      | Found a staircase to the Lair.
  6400 | D:8      | Found a runed translucent gate.
  6400 | D:8      | Found a runed translucent gate.
  6400 | D:8      | Found a runed translucent gate.
  6400 | D:8      | Noticed Bionic's ghost (novice OpGl)
  6401 | D:8      | Noticed a ten-headed hydra
  6402 | D:8      | Noticed an 11-headed hydra
  6450 | D:9      | Noticed Prince Ribbit
  6468 | D:9      | Killed Prince Ribbit
  6592 | D:9      | Noticed Gastronok
  6630 | D:9      | Killed Gastronok
  6630 | D:9      | Reached XP level 11. HP: 55/71 MP: 11/11
  6631 | D:9      | Reached *** piety under the Shining One
  6822 | D:9      | Found a hide-covered altar of Uskayaw.
  7015 | D:9      | Found a staircase to the Orcish Mines.
  7030 | D:10     | Entered Level 10 of the Dungeon
  7271 | D:9      | Found a roughly hewn altar of Beogh.
  7491 | D:10     | Noticed a queen ant
  7500 | D:10     | Reached skill level 10 in Armour
  7501 | D:10     | Reached skill level 10 in Shields
  7513 | D:10     | Killed a queen ant
  7561 | D:10     | Reached skill level 10 in Fighting
  7671 | D:10     | Reached **** piety under the Shining One
  8116 | Lair:1   | Entered Level 1 of the Lair of Beasts
  8427 | Lair:1   | Noticed an oklob plant
  8428 | Lair:1   | Noticed an oklob plant
  8637 | Lair:2   | Noticed Sonja
  8649 | Lair:2   | Killed Sonja
  8649 | Lair:2   | Reached XP level 12. HP: 79/79 MP: 12/12
  9421 | Lair:3   | Found a staircase to the Shoals.
  9705 | Lair:3   | Found a hole to the Spider Nest.
  9787 | Lair:3   | Reached skill level 10 in Axes
  9835 | Lair:3   | Noticed a five-headed hydra
  9844 | Lair:3   | Killed a one-headed hydra
  9860 | Lair:3   | Noticed a dire elephant
  9860 | Lair:3   | Noticed a catoblepas
  9887 | Lair:3   | Found a runed translucent door.
 10350 | Lair:3   | Killed a dire elephant
 10920 | Lair:3   | Killed a catoblepas
 10959 | Lair:4   | Noticed a death yak
 10959 | Lair:4   | Noticed a death yak
 10959 | Lair:4   | Noticed a death yak
 10959 | Lair:4   | Noticed a death yak
 10959 | Lair:4   | Noticed a death yak
 10961 | Lair:4   | Noticed a death yak
 10993 | Lair:4   | Noticed a four-headed hydra
 11000 | Lair:4   | Reached XP level 13. HP: 74/85 MP: 13/13
 11840 | Lair:4   | Reached ***** piety under the Shining One
 12138 | Lair:5   | Found a white marble altar of Elyvilon.
 12188 | Lair:5   | Found a staircase to the Slime Pits.
 12188 | Lair:5   | Found a viscous altar of Jiyva.
 12304 | Lair:5   | Reached skill level 1 in Invocations
 12998 | Lair:6   | Entered Level 6 of the Lair of Beasts
 13071 | Lair:6   | Noticed an ice dragon
 13081 | Lair:6   | Killed an ice dragon
 13304 | Lair:6   | Gained mutation: Your large and strong wings let you fly
                  | indefinitely. [Gargoyle growth]
 13304 | Lair:6   | Reached XP level 14. HP: 86/92 MP: 16/16
 13438 | Lair:6   | Reached skill level 5 in Invocations
 13449 | Lair:6   | HP: 3/92 [spiny frog (8)]
 14082 | Lair:6   | Got a shimmering tin ring
 14094 | Lair:6   | Identified the ring "Hoijew" {rC+ Str+3 SInv} (You found it
                  | on level 6 of the Lair of Beasts)
 14840 | D:8      | Noticed Grum
 14846 | D:8      | Identified the +8 great sword "Etata" {flame, +Fly rF++ MR+
                  | Str-3}
 14856 | D:8      | Killed Grum
 15118 | D:11     | Reached ****** piety under the Shining One
 16134 | D:12     | Reached XP level 15. HP: 94/99 MP: 21/21
 16199 | D:12     | Found a blossoming altar of Fedhas.
 16386 | D:12     | Found a runed translucent door.
 16386 | D:12     | You fall into a shaft and drop 2 floors!
 16429 | D:14     | Noticed Frances
 16450 | D:14     | Killed Frances
 16866 | D:14     | Noticed Kirke
 16874 | D:14     | Noticed Rupert
 16889 | D:14     | Killed Kirke
 16906 | D:14     | Killed Rupert
 17044 | D:14     | Noticed Josephine
 17335 | D:14     | Killed Josephine
 17375 | D:14     | Reached skill level 10 in Invocations
 17412 | D:14     | Found a shadowy altar of Dithmenos.
 17657 | D:15     | Entered Level 15 of the Dungeon
 18090 | D:13     | Found a portal to a secret trove of treasure.
 18527 | D:13     | Found a gate to the Vaults.
 18699 | D:12     | Reached XP level 16. HP: 106/106 MP: 24/24
 18966 | D:12     | Identified the +7 spear of Qazlal {vamp, rElec Dex+2}
 18968 | D:12     | Noticed skyle12's ghost (journeyman HOFi)
 19189 | D:12     | Killed skyle12's ghost
 19286 | Orc:1    | Entered Level 1 of the Orcish Mines
 19334 | Orc:1    | Identified the +10 chain mail "Weudaamp" {Stlth+}
 19584 | D:9      | Paralysed by an orc sorcerer for 7 turns
 20899 | Orc:2    | Entered Level 2 of the Orcish Mines
 20900 | Orc:2    | Noticed Azrael
 20909 | Orc:2    | Noticed Urug
 21388 | Orc:1    | Killed Azrael
 21389 | Orc:1    | Killed Urug
 21587 | Orc:2    | Noticed Saint Roka
 21587 | Orc:2    | Gained mutation: You do not regenerate when monsters are
                  | visible. [a neqoxec]
 21939 | Orc:2    | Found a staircase to the Elven Halls.
 23101 | Orc:1    | HP: 2/160 [Saint Roka/divine providence (11)]
 23102 | Orc:1    | Mangled by Saint Roka

Levels and vault maps discovered:
D:1:      minmay_arrival_glassed_features, layout_basic
D:2:      layout_loops_ring, kennysheep_cross_bottleneck, roderic_filled_cross
D:3:      layout_basic, minivault_11
D:4:      layout_basic, nicolae_ru_great_annihilating_truth, first_ration
D:5:      layout_loops_ring, lemuel_coloured_pillars_altar, serial_shops, shop,
          shop_coins, shop_scrolls, shop, shop, uniq_crazy_yiuf_cottage,
          uniq_grinder
D:6:      layout_loops_ring, minmay_temple_entry_tees,
          chequers_serial_rivers_large_a, nicolae_qazlal_style_of_elements,
          uniq_duvessa
D:7:      layout_basic, nicolae_overflow_hidden_temple, serial_shops, shop,
          uniq_menkaure, uniq_pikel
D:8:      minmay_the_grid_triangle_9x9_rhombus_thin
          [minmay_the_grid_triangle_9x9_sparse_checkered,
          minmay_the_grid_triangle_9x9_prize_center,
          minmay_the_grid_triangle_9x9_steps,
          minmay_the_grid_triangle_9x9_cache], layout_cave_pools,
          lair_entry_dummy, gammafunk_ghost_hydra_chop, blue_anna_alchemist
          [blue_anna_fruit_fields, blue_anna_fruit_fields],
          chequers_serial_rivers_room_a, uniq_erica, uniq_grum
D:9:      layout_rooms, kennysheep_mini_moat, minmay_orc_entry_temple_small,
          uniq_gastronok, uniq_prince_ribbit1
D:10:     layout_irregular_city, minivault_29
D:11:     layout_basic
D:12:     layout_irregular_city, ebering_ghost_funeral_grove, basic_altar
D:13:     layout_loops_ring, david_vaults_4, enter_trove_3,
          minmay_unpleasant_kobolds
D:14:     layout_loops_ring, grunt_dithmenos_smoke_and_mirrors, uniq_rupert,
          uniq_frances, uniq_kirke, uniq_josephine
D:15:     gammafunk_depths_entry_grave, layout_layer_cave,
          nicolae_gozag_cash_rules_everything_around_me
Temple:   regret_index_temple_waves
Lair:1:   dpeg_oklob_gauntlet, layout_misc_corridors, grunt_megastairs_5
Lair:2:   layout_hall_layers, special_room [special_room_bee],
          infiniplex_staircase_pool_2, uniq_sonja
Lair:3:   gammafunk_lair_enchanted_lake, layout_chaotic_city,
          minmay_shoals_entry_centaurs, nicolae_spider_entry_orb_guardian,
          infiniplex_staircase_pool
Lair:4:   layout_misc_corridors, eino_house_with_fridge, grunt_megastairs_3
Lair:5:   layout_cave_pods, slime_altar_1, basic_altar, lemuel_fruit_tree,
          serial_bayou_shore_a
Lair:6:   minmay_lair_end_frog_pond, layout_regular_city,
          bobbens_ice_dragon_lair
Orc:1:    layout_caves, elf_legates
Orc:2:    st_orc_pillars, layout_caves, uniq_urug, uniq_saint_roka, uniq_azrael

Skill      XL: |  1  2  3  4  5  6  7  8  9 10 11 12 13 14 15 16 |
---------------+-------------------------------------------------+-----
Axes           | 2 3 4 5 7 8 9 10 11 12 | 12.8
Armour         | 4 5 6 8 9 10 12 13 14 | 14.9
Shields        | 4 5 6 8 9 10 11 12 13 14 | 14.6
Fighting       | 4 5 6 7 9 10 11 12 13 14 | 14.7
Invocations    | 3 8 10 11 | 11.6
Dodging        | |  0.5

Action                   |  1- 3 |  4- 6 |  7- 9 | 10-12 | 13-15 | 16-18 || total
-------------------------+-------+-------+-------+-------+-------+-------++-------
Melee: War axe           |   115 |   133 |   370 |   526 |  1407 |    24 ||  2575
       Whip              |       |       |   102 |       |       |       ||   102
       Scimitar          |       |       |       |     6 |    26 |       ||    32
       Battleaxe         |       |       |       |       |       |   359 ||   359
Invok: Divine Shield     |       |       |     1 |       |       |     1 ||     2
       Cleansing Flame   |       |       |       |       |     1 |     4 ||     5
       Summon Divine War |       |       |       |       |     1 |     2 ||     3
Evoke: Wand              |       |       |       |    10 |     5 |       ||    15
  Use: Potion            |       |     3 |     1 |     2 |     9 |     9 ||    24
       Scroll            |       |       |     9 |     6 |     8 |     6 ||    29
  Eat: Chunk             |       |     3 |     8 |    17 |    18 |     3 ||    49
       Ration            |       |       |     2 |       |     3 |     4 ||     9
Armor: Scale mail        |    19 |       |       |       |       |       ||    19
       Chain mail        |    85 |    95 |    75 |       |       |   192 ||   447
       Plate armour      |       |       |   166 |   328 |   891 |   155 ||  1540
Dodge: Dodged            |    37 |    18 |    70 |    99 |   321 |   178 ||   723
Block: Shield            |    82 |    72 |   295 |   406 |   806 |       ||  1661
       Reflection        |       |       |     5 |     9 |    13 |     3 ||    30
       Other             |       |       |       |       |    24 |    30 ||    54
       Rpst.: Scimitar   |       |       |       |     2 |     5 |       ||     7
